 Dungeon Crawl Stone Soup version 0.19.0 (webtiles) character file.

686 Gorglomux the Magician (level 7, 0/54 HPs)
             Began as a Deep Elf Summoner on Nov 1, 2016.
             Succumbed to an adder's poison
             ... on level 5 of the Dungeon.
             The game lasted 00:18:41 (6754 turns).

Gorglomux the Magician (Deep Elf Summoner)          Turns: 6754, Time: 00:18:42

Health: 0/54       AC: 23    Str: 10    XL:     7   Next: 35%
Magic:  11/20      EV:  2    Int: 27    God:
Gold:   40         SH:  0    Dex: 20    Spells: 5 memorised, 7 levels left

rFire  . . .     SeeInvis .     e - +0 dagger
rCold  . . .     Gourm    .     (armour currently unavailable)
rNeg   + + +     Faith    .     (no shield)
rPois  +         Spirit   .     (helmet currently unavailable)
rElec  .         Reflect  .     (cloak currently unavailable)
rCorr  .         Harm     .     (gloves currently unavailable)
MR     .....     NoTele   +     (boots currently unavailable)
Stlth  +++.......               (no amulet)
                                (no ring)
                                h - ring of teleportation (curse)

@: mighty, brilliant, agile, lethally poisoned (0 -> -3), tree-form, hasted,
very quick
A: (talons 0)
a: no special abilities


You were on level 5 of the Dungeon.
You were not hungry.
You were a tree.
You visited 1 branch of the dungeon, and saw 5 of its levels.

You collected 260 gold pieces.
You spent 220 gold pieces at shops.

Inventory:

Hand Weapons
 e - a +0 dagger (weapon)
Armour
 a - a +0 robe (melded)
 u - a +0 pair of gloves (melded)
Jewellery
 h - a cursed ring of teleportation (left branch)
Wands
 m - a wand of polymorph (5/24)
Scrolls
 g - a scroll of fear {unknown}
 j - a scroll of recharging {unknown}
 k - a scroll of enchant weapon {unknown}
 l - 7 scrolls of identify {unknown}
 p - 2 scrolls of teleportation {unknown}
 r - a scroll of fog {unknown}
 s - a scroll of enchant armour {unknown}
 x - a scroll of noise {unknown}
 y - 2 scrolls of blinking
 B - a scroll of remove curse
Potions
 d - a potion of might
 f - a potion of agility
 o - a potion of flight
 w - a potion of magic {unknown}
Books
 b - a book of Callings

   Spells                             Type                      Level
   a - Summon Small Mammal            Summoning                    1
   b - Call Imp                       Summoning                    2
   c - Call Canine Familiar           Summoning                    3
   d - Summon Guardian Golem          Hexes/Summoning              3
   e - Summon Lightning Spire         Summoning/Air                4
   f - Summon Ice Beast               Ice/Summoning                4
Miscellaneous
 C - a crystal ball of energy
Comestibles
 c - 5 bread rations
 q - 3 fruits
 z - 3 chunks of flesh
 A - 2 meat rations


   Skills:
 - Level 2.4 Dodging
 - Level 2.4 Stealth
 + Level 7.5 Spellcasting
 - Level 6.1 Summonings
 + Level 4.4 Air Magic


You had 7 spell levels left.
You knew the following spells:

 Your Spells              Type           Power        Failure   Level  Hunger
a - Summon Small Mammal   Summ           ####         1%          1    None
b - Call Imp              Summ           ######..     1%          2    None
c - Call Canine Familiar  Summ           ######..     1%          3    None
d - Summon Lightning Spi  Summ/Air       ######..     1%          4    ##.....
e - Summon Ice Beast      Ice/Summ       #####...     2%          4    ##.....


Dungeon Overview and Level Annotations

Branches:
Dungeon (5/15)
 Temple: D:4-7

Altars:
Kikubaaqudgha
Makhleb
Nemelex Xobeh
Xom

Shops:
D:5 ?}

Annotations:
D:5 1 runed door


Innate Abilities, Weirdness & Mutations

((You have sharp toenails.))


Message History

You feel very mighty all of a sudden.
* * * LOW HITPOINT WARNING * * *
You feel sick.
Your hound looks more healthy.
It was a potion of agility.
You feel agile all of a sudden.
It was a potion of brilliance.
You feel clever all of a sudden.
* * * LOW HITPOINT WARNING * * *
You feel sick.
It was a potion of lignification.
You turn into a tree.
Your +0 pair of gloves melds into your body.
Your +0 robe melds into your body.
Your roots penetrate the ground.
* * * LOW HITPOINT WARNING * * *
You feel sick.
It was a potion of beneficial mutation.
Your toenails lengthen and sharpen.
You feel fantastic!
It was a potion of haste.
You feel yourself speed up.
You die...

.. .. .. ..
.. . #.
#.##########
#......♣...#
#......h...#
#......†...#
#....8.....#
...........+
..$$$......#
..$∩$#######
#.$$$ ####


You could see a friendly lightning spire and a friendly hound.

Vanquished Creatures
  An orc wizard (D:3)
  2 worker ants
  An adder (D:3)
  An ooze (D:1)
  A worm (D:2)
  A dart slug (D:1)
  3 leopard geckos
  2 orcs
  2 giant cockroaches (D:3)
  8 goblins
  4 hobgoblins
  A quokka (D:2)
  7 bats
  5 frilled lizards
  2 kobolds (D:1)
  6 rats
47 creatures vanquished.

Vanquished Creatures (collateral kills)
  Sigmund (D:4)
  A soldier ant (D:5)
  3 ogres
  A scorpion (D:5)
  A howler monkey (D:3)
  A hound (D:4)
  A centaur skeleton (D:4)
  An orc priest (D:4)
  Jessica (D:2)
  6 worker ants
  2 iguanas (D:4)
  8 adders
  An adder skeleton (D:4)
  4 worms
  4 leopard geckos
  10 orcs
  2 bats
  5 giant cockroaches
  5 goblins
  8 hobgoblins
  12 jackals
  4 kobolds
  2 quokkas (D:3)
  2 ball pythons
  3 frilled lizards
  A leopard gecko skeleton (D:4)
  5 rats
  A butterfly (D:5)
96 creatures vanquished.

Grand Total: 143 creatures vanquished

Notes
Turn   | Place    | Note
-------+----------+-------------------------------------------
     0 | D:1      | Gorglomux the Deep Elf Summoner began the quest for the Orb.
     0 | D:1      | Reached XP level 1. HP: 10/10 MP: 6/6
   500 | D:1      | Reached XP level 2. HP: 13/15 MP: 6/8
   694 | D:1      | Learned a level 2 spell: Call Imp
   722 | D:1      | Reached skill level 5 in Summonings
  1374 | D:1      | Reached XP level 3. HP: 15/19 MP: 9/9
  1379 | D:1      | Learned a level 3 spell: Call Canine Familiar
  1598 | D:2      | Found a burning altar of Makhleb.
  2174 | D:2      | Noticed Jessica
  2188 | D:2      | Killed Jessica
  2379 | D:2      | Reached XP level 4. HP: 10/24 MP: 10/10
  3393 | D:3      | Found a shimmering altar of Xom.
  3395 | D:3      | Found a stormy altar of Qazlal.
  3395 | D:3      | Found a stormy altar of Qazlal.
  3399 | D:3      | Found a shimmering altar of Xom.
  3399 | D:3      | Found an ancient bone altar of Kikubaaqudgha.
  3399 | D:3      | Found a sparkling altar of Nemelex Xobeh.
  3431 | D:3      | Reached skill level 4 in Spellcasting
  3443 | D:3      | Learned a level 4 spell: Summon Lightning Spire
  3478 | D:3      | Noticed an ogre
  3509 | D:3      | Killed an ogre
  3509 | D:3      | Reached skill level 1 in Air Magic
  3509 | D:3      | Reached XP level 5. HP: 27/28 MP: 5/14
  3607 | D:3      | Reached skill level 5 in Spellcasting
  4840 | D:4      | Noticed Sigmund
  4853 | D:4      | Killed Sigmund
  4853 | D:4      | Reached XP level 6. HP: 32/32 MP: 4/16
  4972 | D:4      | Learned a level 4 spell: Summon Ice Beast
  5202 | D:4      | Reached skill level 6 in Spellcasting
  6407 | D:5      | Entered Level 5 of the Dungeon
  6435 | D:5      | Reached XP level 7. HP: 36/36 MP: 14/19
  6451 | D:5      | Found Aqypnont's Gadget Emporium.
  6457 | D:5      | Bought a crystal ball of energy for 220 gold pieces
  6482 | D:5      | Found a runed door.
  6614 | D:5      | Found a runed door.
  6635 | D:5      | Reached skill level 7 in Spellcasting
  6735 | D:5      | Found Rewk's Magic Scroll Shoppe.
  6751 | D:5      | HP: 1/36 [poisoned by an adder]
  6753 | D:5      | Gained mutation: You have sharp toenails. [potion of beneficial mutation]
  6754 | D:5      | Succumbed to an adder's poison

Skill      XL: |  1  2  3  4  5  6  7 |
---------------+----------------------+-----
Summonings     | 5 6 |  6.1
Spellcasting   | 4 5 6 7 |  7.5
Air Magic      | 1 2 3 4 |  4.4
Dodging        | |  2.4
Stealth        | |  2.4

Action                   |  1- 3 |  4- 6 |  7- 9 || total
-------------------------+-------+-------+-------++-------
Melee: Unarmed           |    23 |       |       ||    23
       Dagger            |   102 |   229 |    15 ||   346
 Cast: Summon Small Mamm |    23 |    18 |     5 ||    46
       Call Imp          |     2 |       |       ||     2
       Call Canine Famil |     2 |    14 |     3 ||    19
       Summon Lightning  |       |    11 |     3 ||    14
       Summon Ice Beast  |       |       |     1 ||     1
  Use: Scroll            |     1 |       |     1 ||     2
       Potion            |       |       |     7 ||     7
 Stab: Sleeping          |    12 |     8 |       ||    20
       Distracted        |       |       |     1 ||     1
  Eat: Chunk             |     5 |    12 |     1 ||    18
       Fruit             |       |     4 |       ||     4
Armor: Robe              |    31 |    33 |     6 ||    70
Dodge: Dodged            |   102 |   167 |    18 ||   287
